 Dungeon Crawl Stone Soup version 0.31.0-12-g77e489cdc1 (webtiles) character file.

Game seed: 15000039641588792542

1108 Ashen the Ruffian (level 8, -3/67 (78) HPs)
             Began as a Troll Shapeshifter on Feb 13, 2024.
             Was an Initiate of Wu Jian.
             Slain by a wight
             ... wielding a +3 short sword
              (5 damage)
             ... on level 5 of the Dungeon.
             The game lasted 00:06:40 (4354 turns).

Ashen the Ruffian (Troll Shapeshifter)              Turns: 4354, Time: 00:06:41

HP:   -3/67 (78)    AC:  4    Str: 23    XL:     8   Next: 11%
MP:   7/7           EV: 11    Int:  6    God:    Wu Jian [......]
Gold: 302           SH:  0    Dex: 11    Spells: 7/7 levels left

rFire   . .          .
                       - Unarmed
rCold   . . .        (no shield)
rNeg    . . .        a - +0 animal skin
rPois   +            (helmet currently unavailable)
rElec   .            (cloak currently unavailable)
rCorr   .            (gloves unavailable)
SInv    .            (boots unavailable)
Will    .....        (no amulet)
Stlth   +            t - ring of poison resistance
HPRegen 1.11/turn    (no ring)
MPRegen 0.10/turn

%: no passive effects
@: beast-form, heavily drained
A: beast (slay +3), large, unfitting armour, claws 3, regeneration 1, shaggy fur
1, tough skin 1
a: Begin Untransformation, Renounce Religion


You were on level 5 of the Dungeon.
You worshipped Wu Jian.
Wu Jian was noncommittal.
You were a hulking beast.
You visited 2 branches of the dungeon, and saw 7 of its levels.

You collected 302 gold pieces.

Inventory:

Missiles
 x - 2 large rocks (quivered)
Armour
 a - a +0 animal skin (worn)
Jewellery
 t - a ring of poison resistance (left claw)
Talismans
 c - a beast talisman
 d - a flux talisman
Scrolls
 e - 2 scrolls of fear {unknown}
 f - a scroll of fog {unknown}
 h - a scroll of immolation {unknown}
 i - a scroll of enchant armour {unknown}
 j - 2 scrolls of noise {unknown}
 k - a scroll of torment {unknown}
 l - a scroll of revelation {unknown}
 o - 3 scrolls of identify {unknown}
 r - 3 scrolls of acquirement {unknown}
 u - 5 scrolls of teleportation {unknown}
Potions
 b - a potion of lignification
 g - a potion of ambrosia {unknown}
 m - a potion of heal wounds {unknown}
 n - a potion of resistance {unknown}
 p - 2 potions of invisibility {unknown}
 q - a potion of mutation {unknown}
 s - a potion of enlightenment {unknown}
 v - 2 potions of cancellation {unknown}
 w - a potion of might {unknown}


   Skills:
 + Level 3.9 Fighting
 + Level 4.2 Dodging
 + Level 5.5 Unarmed Combat
 + Level 5.2 Shapeshifting


You had 7 spell levels left.
You didn't know any spells.
Your spell library contained the following spells:

 Spells                   Type           Power      Damage    Failure   Level
 Magic Dart               Conj           0%         1d3       45%         1
 Blink                    Tloc           0%         N/A       58%         2
 Call Imp                 Summ           0%         N/A       58%         2
 Searing Ray              Conj           0%         2d4       58%         2
 Ozocubu's Armour         Ice            0%         N/A       83%         3
 Stone Arrow              Conj/Erth      0%         3d7       83%         3
 Animate Armour           Summ/Erth      0%         N/A       99%         4
 Fulminant Prism          Conj/Alch      0%         3d5       99%         4
 Metabolic Englaciation   Hex/Ice        0%         N/A       100%        5
 Sculpt Simulacrum        Ice/Alch       0%         N/A       100%        6
 Lehudib's Crystal Spear  Conj/Erth      0%         10d2      100%        8


Dungeon Overview and Level Annotations

Branches:
Dungeon (6/15)             Temple (1/1) D:4

Altars:
Ashenzari
Cheibriados
Dithmenos
Fedhas
Gozag
Hepliaklqana
Kikubaaqudgha
Makhleb
Nemelex Xobeh
Qazlal
Ru
Sif Muna
Trog
Vehumet
Wu Jian
Xom
Yredelemnul
Zin
The Shining One

Shops:
D:3 (   D:4 [


Innate Abilities, Weirdness & Mutations

You are a hulking beast.
Your limbs bulge with bestial killing power. (Slay +3)
You are too large for most types of armour.
You have claws for hands.
Your natural rate of healing is unusually fast.
You are covered in fur. (AC +1)
You have tough skin. (AC +1)


Message History

Found a glass ring.
The wight closely misses you.
You lunge at the wight.
You barely miss the wight. The wight completely misses you.
The wight hits you from afar with a +4 trident.
There is a stone staircase leading up here.
You closely miss the wight. Your claw misses the wight.
The wight closely misses you. x2
You scratch the wight.
The wight is lightly damaged.
The wight hits you with a +3 short sword.
You feel drained. The wight barely misses you.
You scratch the wight.
The wight is lightly damaged.
The wight hits you with a +3 short sword!
You feel drained. The wight barely misses you.
You barely miss the wight.
The wight is lightly damaged.
The wight hits you with a +3 short sword.
You scratch the wight.
The wight is lightly damaged.
The wight hits you from afar with a +4 trident!
You feel drained.
You closely miss the wight.
The wight is lightly damaged.
The wight hits you with a +3 short sword!
* * * LOW HITPOINT WARNING * * *
The wight misses you. The wight closely misses you.
The wight hits you from afar with a +4 trident!
* * * LOW HITPOINT WARNING * * *
You feel drained.
* * * LOW HITPOINT WARNING * * *
You climb upwards.
There is a stone staircase leading down here.
You scratch the wight but do no damage. Your claw misses the wight.
The wight is lightly damaged.
The wight hits you with a +3 short sword!
* * * LOW HITPOINT WARNING * * *
You feel drained.
You die...

#.#......#...........##..##)#####
########.#...........##..##.)....
##8###8#......######....#########
.........#.#...# #.##.#........
.........#.##..## #.##.#.#######
..#.######.##...####.##.#.#......
..#........##..........(#.#.)....
################.z..#####.#......
................h#### #.#......
################## #.##.....
######........# #.##.....
.....#.######.# #..'.....
####.#.# #....# ####.....
####.#.# #.#### ##'### ...#.#.#
#.##################.# # ##.#.#.#
#....................# # #.#.#.#
###################### #


You could see a wight.

Vanquished Creatures
  Sigmund (D:2)
  A water moccasin (D:5)
  A black bear (D:4)
  An ice beast (D:5)
  A centaur (D:5)
  2 scorpions
  A wight (D:6)
  An oklob sapling (D:4)
  A howler monkey (D:5)
  2 bombardier beetles (D:5)
  A gnoll bouda (D:5)
  2 iguanas
  Robin (D:2)
  3 gnolls (D:5)
  8 adders
  3 ribbon worms
  3 dart slugs
  3 orcs (D:6)
  7 ball pythons
  8 endoplasms
  A giant cockroach (D:1)
  9 goblins
  7 hobgoblins
  4 quokkas
  5 bats
  3 frilled lizards
  3 kobolds
  4 rats
87 creatures vanquished.

Notes
Turn   | Place    | Note
-------+----------+-------------------------------------------
     0 | D:1      | Ashen the Troll Shapeshifter began the quest for the Orb.
     0 | D:1      | Reached XP level 1. HP: 18/18 MP: 0/0
   110 | D:1      | Reached skill level 1 in Fighting
   150 | D:1      | Reached XP level 2. HP: 27/27 MP: 1/1
   831 | D:2      | Reached XP level 3. HP: 31/33 MP: 2/2
   878 | D:2      | Identified the +3 dagger "Tuoqix" {freeze, rElec}
  1112 | D:2      | Noticed Sigmund
  1123 | D:2      | Killed Sigmund
  1124 | D:2      | Reached XP level 4. HP: 14/42 MP: 3/3
  1124 | D:2      | Reached XP level 5. HP: 17/49 MP: 4/4
  1141 | D:2      | Noticed Robin
  1150 | D:2      | Killed Robin
  1471 | D:3      | Found a glowing golden altar of the Shining One.
  1689 | D:3      | Reached XP level 6. HP: 57/59 MP: 5/5
  1924 | D:3      | Found Laliam's Antique Weapon Shoppe.
  2456 | D:4      | Found Ubbeak's Antique Armour Shop.
  2552 | D:4      | Found a staircase to the Ecumenical Temple.
  3099 | Temple   | Entered the Ecumenical Temple
  3116 | Temple   | Became a worshipper of the Wu Jian Council
  3155 | D:5      | Entered Level 5 of the Dungeon
  3185 | D:5      | Reached XP level 7. HP: 67/67 MP: 6/6
  3541 | D:5      | Reached skill level 5 in Unarmed Combat
  3668 | D:5      | Reached skill level 5 in Shapeshifting
  3896 | D:5      | Reached XP level 8. HP: 67/78 MP: 7/7
  4308 | D:6      | Found a sacrificial altar of Ru.
  4313 | D:6      | Found a shimmering altar of Xom.
  4354 | D:5      | HP: 2/69 [wight/+3 short sword (10)]
  4354 | D:5      | Slain by a wight

Illustrated notes

Levels and vault maps discovered:
D:1:      grunt_arrival_crossed_arrows, layout_basic, hangedman_glass_teeth
D:2:      layout_basic, uniq_robin, uniq_sigmund
D:3:      layout_loops_cross, nicolae_overflow_hidden_temple, serial_shops,
          shop, st_stairs_13, minmay_misc_feat_alley
D:4:      layout_basic, minmay_temple_entry_oklob, serial_shops, shop,
          minmay_misc_feat_enclosed
D:5:      layout_basic, chequers_hall_statues_wall_a
D:6:      layout_basic, chequers_temple_overflow_statue_of_worship,
          nicolae_ossuary_entry_giza
Temple:   lightli_temple_of_artemis

Skill      XL: |  1  2  3  4  5  6  7 |
---------------+----------------------+-----
Fighting       | 1 2 3 |  3.9
Dodging        | 2 3 4 |  4.2
Unarmed Combat | 4 5 |  5.5
Shapeshifting  | 4 5 |  5.2

Action                     |  1- 3 |  4- 6 |  7- 9 || total
---------------------------+-------+-------+-------++-------
  Melee: Unarmed           |    66 |   113 |    77 ||   256
         Punch             |     1 |     3 |     1 ||     5
Ability: Lunge             |       |     1 |     9 ||    10
   Stab: Sleeping          |       |     1 |     1 ||     2
 Armour: Animal skin       |    38 |    60 |    47 ||   145
  Dodge: Dodged            |    18 |    46 |    45 ||   109
